 Dungeon Crawl Stone Soup version 0.31-a0-1-g4198be8af4 (webtiles) character file.

Game seed: 9715203316293443951

2594 LobsterGuardian the Spear-Bearer (level 10, -4/84 (86) HPs)
             Began as a Meteoran Artificer on Apr 30, 2023.
             Slain by an orc warrior
             ... wielding a +0 dire flail
              (15 damage)
             ... on level 8 of the Dungeon.
             The game lasted 00:16:07 (4448 turns).

LobsterGuardian the Spear-Bearer (MeAr)             Turns: 4448, Time: 00:16:07

HP:   -4/84 (86)    AC:  6    Str: 13    XL:     10   Next: 12%
MP:   11/11         EV: 12    Int: 22    God:
Gold: 362           SH:  0    Dex: 19    Spells: 9/9 levels left

rFire   . . .        v - +4 spear of Umiamel {speed, +Blink Int+2 Stlth+}
rCold   . . .        s - orb {mayhem}
rNeg    . . .        r - +0 ring mail
rPois   .            (no helmet)
rElec   .            (no cloak)
rCorr   .            (no gloves)
SInv    .            k - +0 pair of boots
Will    +....        (no amulet)
Stlth   +            m - +6 ring of intelligence
HPRegen 0.34/turn    (no ring)
MPRegen 0.12/turn

%: mayhem
@: glowing, lightly drained
A: sense surroundings 2, otherworldly, glowing, explore regen
a: Evoke Blink


You were on level 8 of the Dungeon.
You visited 2 branches of the dungeon, and saw 9 of its levels.

You collected 362 gold pieces.

Inventory:

Hand Weapons
 v - the +4 spear of Umiamel (weapon) {speed, +Blink Int+2 Stlth+}
   (You found it on level 4 of the Dungeon)

   Int:       It affects your intelligence (+2).
   +Blink:    It lets you blink.
   Stlth:     It makes you more stealthy.
Armour
 k - a +0 pair of boots (worn)
 r - a +0 ring mail (worn)
 s - an orb of mayhem (worn)
Magical Staves
 p - a staff of conjuration
Jewellery
 g - an amulet of faith
 m - a +6 ring of intelligence (left hand)
Wands
 d - a wand of charming (6)
 e - a wand of iceblast (2)
Scrolls
 c - 2 scrolls of poison
 h - 2 scrolls of blinking {unknown}
 i - 2 scrolls of silence {unknown}
 j - a scroll of fear
 l - a scroll of vulnerability {unknown}
 t - 2 scrolls of teleportation
 u - a scroll of enchant weapon {unknown}
 w - 3 scrolls of immolation
 x - a scroll of butterflies {unknown}
Potions
 a - a potion of mutation {unknown}
 b - 2 potions of attraction
 f - 2 potions of brilliance
 n - a potion of invisibility
 o - a potion of magic
 q - 3 potions of curing
 z - 3 potions of berserk rage
 A - a potion of heal wounds


   Skills:
 - Level 7.6 Fighting
 - Level 0.5(1.8) Maces & Flails
 + Level 9.8(9.9) Polearms
 - Level 2.4(6.7) Staves
 - Level 2.4 Armour
 * Level 4.1 Dodging
 - Level 0.6 Stealth
 + Level 7.3 Evocations


You had 9 spell levels left.
You didn't know any spells.
Your spell library contained the following spells:

 Spells                   Type           Power      Damage    Failure   Level
 Freeze                   Ice            0%         1d3       34%         1
 Magic Dart               Conj           0%         1d3       34%         1
 Call Imp                 Summ           0%         N/A       45%         2
 Frozen Ramparts          Ice            0%         1d1       71%         3
 Hailstorm                Conj/Ice       0%         3d3       71%         3
 Mephitic Cloud           Conj/Pois/Air  0%         N/A       71%         3


Dungeon Overview and Level Annotations

Branches:
Dungeon (8/15) Zot: 491    Temple (1/1) D:4 Zot: 572
   Lair: D:8-11

Altars:
Ashenzari
Cheibriados
Dithmenos
Elyvilon
Gozag
Hepliaklqana
Makhleb
Okawaru
Qazlal
Ru
Sif Muna
Uskayaw
Vehumet
Wu Jian
Xom
Yredelemnul
Zin
The Shining One

Annotations:
D:6 1 transporter
D:7 1 runed translucent door, iamoutofideas's ghost, novice HORe


Innate Abilities, Weirdness & Mutations

You passively map the area around you.
You are easily found by Zot.
You glow in the dark.
You regain HP and MP as you explore.


Message History

g - Guard the area. f - Follow me.
Anything else - Cancel.
Guard this area!
An orc comes into view. It is wielding a +0 club.
Things that are here:
a +1 heavy mace; a +0 robe You are too injured to fight recklessly!
A sky beast comes into view.
An orc wizard comes into view. It is wielding a +0 dagger.
Things that are here:
a +0 dire flail; a +0 robe You swap places.
An orc comes into view. It is wielding a +0 flail.
The orc shouts!
Things that are here:
a +3 hand axe of freezing; a +0 robe Reach: v) +4 spear of Umiamel {speed, +Blink Int+2 Stlth+}
Press: ? - help, Dir - move target, f - orc
Aim: an orc, wielding a +0 club (ally target, about 27% to evade the +4 spear of Umiamel)
You reach to attack!
You hit the orc.
The orc is heavily wounded.
Unknown command.
Reach: v) +4 spear of Umiamel {speed, +Blink Int+2 Stlth+}
Press: ? - help, Dir - move target, f/p - orc
Aim: an orc, wielding a +0 club (heavily wounded, ally target, about 27% to evade the +4 spear of Umiamel)
You reach to attack!
You closely miss the orc.
The orc is heavily wounded.
Unknown command.
Reach: v) +4 spear of Umiamel {speed, +Blink Int+2 Stlth+}
Press: ? - help, Dir - move target, f/p - orc
Aim: an orc, wielding a +0 club (heavily wounded, ally target, about 27% to evade the +4 spear of Umiamel)
You reach to attack!
You hit the orc.
You kill the orc!
The orc warrior flies into a frenzy!
The orc warrior hits you with a +0 dire flail!!
* * * LOW HITPOINT WARNING * * *
You hear a shout!
A wight comes into view. It is wielding a +4 spear.
The orc warrior hits you with a +0 dire flail!
You die...

..# .... ..#....., , ,
...# ,.... .......#* ,
, * ...# ,....^*
#.....# , ,
##...,,....###.....# ,
.* , #* ..
.##..........# , ... ,
* , ..
.,.............####....
.. ,
...............o.....
.. ,
.........)o).)Yo...♣,,,
,, .
,.........)@##........
, #
............#####.... #
, ........###.# ... +,
# , ,........###.# ,, .
, # .........##z##< * *
....##.........###* *
..,
...###...(........... *
.#,
.......#.#.........#, ,
** .#*
##..##.........##..# ,
*


You could see a sky beast, a wight, an orc wizard, an orc and a neutral orc
warrior (charmed, fast, strong, insane).

Vanquished Creatures
  A hornet (D:8)
  Grinder (D:3)
  Sigmund (D:5)
  Eustachio (D:5)
  A water moccasin (D:5)
  Duvessa (D:7)
  A black bear (D:5)
  An orc warrior (D:5)
  An ice beast (D:7)
  A phantom (D:5)
  2 kobold brigands
  2 bullfrogs (D:7)
  5 wights (D:8)
  Dowan (D:7)
  A howler monkey (D:4)
  A crimson imp (D:7)
  A hound (D:4)
  3 orc priests
  2 jellies (D:7)
  Ijyb (D:3)
  2 iguanas
  A sleepcap (D:6)
  An orc wizard (D:5)
  Robin (D:3)
  2 gnolls
  6 adders
  A shadow imp (D:5)
  3 white imps
  2 ufetubi
  3 worms
  2 dart slugs
  10 orcs
  A bat (D:1)
  5 endoplasms
  4 giant cockroaches
  14 goblins
  10 hobgoblins
  3 quokkas
  5 ball pythons
  3 frilled lizards
  15 kobolds
  3 rats
126 creatures vanquished.

Vanquished Creatures (collateral kills)
  A wight (D:8)
  An orc priest (D:8)
  A jelly (D:7)
  An iguana (D:5)
  An orc wizard (D:3)
  A worm (D:5)
  5 orcs
  A goblin (D:3)
  4 kobolds
16 creatures vanquished.

Vanquished Creatures (others)
  A bullfrog (D:7)
  A wight (D:8)
  A sleepcap (D:7)
  A kobold (D:8)
4 creatures vanquished.

Grand Total: 146 creatures vanquished

Notes
Turn   | Place    | Note
-------+----------+-------------------------------------------
     0 | D:1      | LobsterGuardian the Meteoran Artificer began the quest for
                  | the Orb.
     0 | D:1      | Reached XP level 1. HP: 16/16 MP: 2/2
    69 | D:1      | Reached XP level 2. HP: 21/23 MP: 3/3
   480 | D:1      | Glimpsed the power of Zot.
   486 | D:1      | Reached XP level 3. HP: 28/28 MP: 4/4
   836 | D:2      | Reached XP level 4. HP: 33/36 MP: 5/5
   890 | D:2      | Reached skill level 1 in Staves
  1057 | D:2      | Reached skill level 5 in Evocations
  1058 | D:2      | Glimpsed the power of Zot.
  1203 | D:3      | Reached XP level 5. HP: 44/44 MP: 6/6
  1327 | D:3      | Noticed Grinder
  1354 | D:4      | Found a staircase to the Ecumenical Temple.
  1363 | Temple   | Entered the Ecumenical Temple
  1409 | D:4      | Noticed an earth elemental
  1412 | D:4      | Found a stormy altar of Qazlal.
  1415 | D:4      | Noticed an air elemental
  1415 | D:4      | Noticed a fire elemental
  1415 | D:4      | Noticed a water elemental
  1475 | D:4      | Identified the +4 spear of Umiamel {speed, +Blink Int+2
                  | Stlth+}
  1688 | D:4      | Reached XP level 6. HP: 29/51 MP: 7/7
  1809 | D:3      | Noticed Robin
  1821 | D:3      | Killed Robin
  1945 | D:3      | Found a broken altar of Ashenzari.
  1945 | D:3      | Found a hide-covered altar of Uskayaw.
  2167 | D:3      | Killed Grinder
  2168 | D:3      | Reached skill level 5 in Fighting
  2168 | D:3      | Reached skill level 2 in Polearms
  2168 | D:3      | Reached XP level 7. HP: 56/61 MP: 8/8
  2259 | D:3      | Noticed Ijyb
  2281 | D:3      | Killed Ijyb
  2305 | D:4      | Glimpsed the power of Zot.
  2355 | D:4      | Glimpsed the power of Zot.
  2357 | D:5      | Entered Level 5 of the Dungeon
  2357 | D:5      | Noticed a water moccasin
  2359 | D:5      | Killed a water moccasin
  2391 | D:4      | Reached skill level 3 in Polearms
  2488 | D:5      | Reached XP level 8. HP: 61/70 MP: 9/9
  2544 | D:5      | Reached skill level 4 in Polearms
  2813 | D:5      | Noticed Sigmund
  2814 | D:5      | Killed Sigmund
  2815 | D:5      | Reached skill level 5 in Polearms
  2912 | D:5      | Found a shimmering blue altar of Sif Muna.
  2930 | D:5      | Glimpsed the power of Zot.
  2936 | D:5      | Found an opulent altar of Gozag.
  3020 | D:5      | Found a basalt altar of Yredelemnul.
  3071 | D:5      | Noticed Eustachio
  3074 | D:5      | Killed Eustachio
  3075 | D:5      | Gained mutation: You passively map the area around you.
                  | [Meteoran growth]
  3075 | D:5      | Reached XP level 9. HP: 79/79 MP: 10/10
  3530 | D:6      | Reached skill level 6 in Polearms
  3540 | D:6      | Glimpsed the power of Zot.
  3597 | D:6      | Glimpsed the power of Zot.
  3599 | D:6      | Found a transporter.
  3837 | D:7      | Found a shadowy altar of Dithmenos.
  3862 | D:7      | Reached skill level 7 in Polearms
  3980 | D:7      | Noticed Duvessa
  3997 | D:7      | Killed Duvessa
  3998 | D:7      | Reached skill level 8 in Polearms
  4003 | D:7      | Noticed Dowan
  4006 | D:7      | Killed Dowan
  4026 | D:7      | Found a radiant altar of Vehumet.
  4027 | D:7      | Found a burning altar of Makhleb.
  4098 | D:7      | Found a runed translucent door.
  4102 | D:7      | Noticed iamoutofideas's ghost (novice HORe)
  4199 | D:7      | Glimpsed the power of Zot.
  4278 | D:8      | Noticed a hornet
  4280 | D:8      | Killed a hornet
  4281 | D:8      | Reached skill level 9 in Polearms
  4395 | D:8      | Reached XP level 10. HP: 85/86 MP: 11/11
  4448 | D:8      | Slain by an orc warrior

Illustrated notes

Levels and vault maps discovered:
D:1:      dreamdust_arrival_beginning_and_end, layout_loops_corners
D:2:      layout_loops_ring, serial_bayou_pond_d, minmay_misc_feat_chi,
          minmay_pentomino_q2
D:3:      layout_loops_ring, mainiacjoe_overflow_divided_tiny, uniq_grinder,
          uniq_robin, uniq_ijyb
D:4:      layout_cave_pods, nicolae_qazlal_style_of_elements,
          minmay_temple_entry_antechambers, nicolae_elevator_lobby_asterisk
D:5:      layout_cave_pools, mainiacjoe_overflow_large_starburst,
          general_overflow_altar, serial_park, serial_park_square3
          [serial_park_minivault_5x5_2], serial_park_square3
          [serial_park_minivault_5x5_2], serial_park_square3
          [serial_park_minivault_5x5_2], serial_park_tiny_1, patterned_corridor,
          uniq_sigmund, uniq_eustachio
D:6:      layout_loops_ring, gammafunk_ghost_smash, uniq_prince_ribbit1,
          uniq_blork_the_orc
D:7:      layout_basic, grunt_temple_overflow_lords_of_destruction,
          mainiacjoe_overflow_boulevard, hellmonk_ghost_happy_afterlife,
          uniq_duvessa
D:8:      gammafunk_cloud_chamber, layout_cave_pools, serial_shops, shop,
          hellmonk_bongcloud_opening, grunt_ministairs_6
Temple:   hellmonk_temple_rainy

Skill      XL: |  1  2  3  4  5  6  7  8  9 10 |
---------------+-------------------------------+-----
Evocations     | 4 5 6 7 |  7.3
Fighting       | 2 3 5 6 7 |  7.6
Staves         | 2 |  2.4
Polearms       | 2 3 5 9 |  9.8
Dodging        | 3 4 |  4.1
Maces & Flails | |  0.5
Armour         | |  2.4
Stealth        | |  0.6

Action                     |  1- 3 |  4- 6 |  7- 9 | 10-12 || total
---------------------------+-------+-------+-------+-------++-------
  Melee: Club              |    76 |       |       |       ||    76
         Punch             |     2 |       |       |       ||     2
         Staff             |    59 |    68 |       |       ||   127
         Spear             |       |    48 |   272 |    29 ||   349
  Evoke: Wand              |     6 |     9 |    20 |     7 ||    42
    Use: Scroll            |       |     7 |     7 |       ||    14
         Potion            |       |     1 |       |       ||     1
   Stab: Sleeping          |     1 |     1 |       |       ||     2
         Distracted        |       |       |     1 |       ||     1
 Armour: Leather armour    |    40 |       |       |       ||    40
         Ring mail         |    20 |    34 |    44 |     1 ||    99
  Dodge: Dodged            |    70 |    32 |    54 |     8 ||   164

Table legend: (Time is in decaauts)
 A = Elapsed time spent in this place.
 B = Non-inter-level travel time spent in this place.
 C = Inter-level travel time spent in this place.
 D = Time resting spent in this place.
 E = Time spent auto-exploring this place.
 F = Levels seen in this place.
 G = Mean time per level.
                   A        B        C        D        E       F      G
               +--------+--------+--------+--------+--------+-----+--------+
         Total |   4335 |   4092 |    243 |    281 |   2783 |   9 |  481.7 |
       Dungeon |   4307 |   4078 |    229 |    281 |   2773 |   8 |  538.4 |
        Temple |     27 |     13 |     14 |      0 |     10 |   1 |   27.0 |
               +--------+--------+--------+--------+--------+-----+--------+

Top non-repeatable levels by time:
     D:4: 959 daAuts
     D:3: 760 daAuts
     D:5: 609 daAuts
     D:2: 577 daAuts
     D:1: 551 daAuts
     D:7: 543 daAuts
     D:8: 198 daAuts
     D:6: 107 daAuts
  Temple: 27 daAuts
